 Dungeon Crawl Stone Soup version 0.28.0-45-g0d030f2227 (webtiles) character file.

Game seed: 15896231282308966553

147 McKennaii the Skirmisher (level 5, -3/42 HPs)
             Began as a Demonspawn Fighter on Apr 6, 2022.
             Killed by divine providence
             ... invoked by an orc priest
              (14 damage)
             ... on level 3 of the Dungeon.
             The game lasted 00:02:22 (2584 turns).

McKennaii the Skirmisher (Demonspawn Fighter)       Turns: 2584, Time: 00:02:23

Health: -3/42      AC: 10    Str: 18    XL:     5   Next: 8%
Magic:  5/5        EV: 21    Int: 10    God:
Gold:   162        SH:  4    Dex: 12    Spells: 4/4 levels left

rFire   . . .      SeeInvis .   a - +0 trident
rCold   . . .      Faith    .   c - +0 buckler
rNeg    . . .      Spirit   .   h - +0 chain mail
rPois   .          Reflect  .   (no helmet)
rElec   .          Harm     .   (no cloak)
rCorr   .          Rampage  .   (no gloves)
Will    .....                   e - +0 pair of boots
Stlth   ..........              f - amulet of the acrobat
HPRegen 0.14/turn               (no ring)
MPRegen 0.09/turn               (no ring)

@: mighty, acrobatic
A: demonic guardian 1, powered by pain 1
a: no special abilities


You were on level 3 of the Dungeon.
You visited 1 branch of the dungeon, and saw 3 of its levels.

You collected 162 gold pieces.

Inventory:

Hand Weapons
 a - a +0 trident (weapon)
Armour
 c - a +0 buckler (worn)
 e - a +0 pair of boots (worn)
 h - a +0 chain mail (worn)
Jewellery
 f - an amulet of the acrobat (around neck)
Scrolls
 g - a scroll of teleportation {unknown}
 i - 2 scrolls of identify {unknown}
Potions
 b - a potion of mutation {unknown}
 d - a potion of might


   Skills:
 + Level 3.9 Fighting
 + Level 2.8 Polearms
 + Level 3.4 Armour
 + Level 3.5 Shields


You had 4 spell levels left.
You didn't know any spells.
Your spell library was empty.

Dungeon Overview and Level Annotations

Branches:
Dungeon (3/15)

Altars:


Innate Abilities, Weirdness & Mutations

A weak demonic guardian rushes to your aid.
You sometimes gain a little power by taking damage.


Message History

A frilled lizard comes into view.
The orc hits you but does no damage.
You reach to attack!
You barely miss the orc. You block the orc's attack.
There are monsters nearby!
You reach to attack!
You barely miss the orc priest. The orc barely misses you.
You hit the orc priest but do no damage.
The orc priest hits you but does no damage.
The orc barely misses you. You block the orc priest's attack.
Unknown command.
You hit the orc priest but do no damage.
The orc hits you but does no damage. The orc priest closely misses you.
Unknown command.
You hit the orc priest but do no damage.
The orc hits you from afar with a +0 trident.
The orc barely misses you. You block the orc priest's attack.
The orc hits you but does no damage.
Unknown command.
You hit the orc priest.
The orc priest is lightly wounded.
The orc hits you with a +1 vorpal flail.
The orc priest hits you but does no damage.
The orc completely misses you.
Unknown command.
You hit the orc priest.
The orc priest is moderately wounded.
The orc priest hits you with a +0 club. The orc hits you but does no damage.
The orc hits you with a +1 vorpal flail.
You barely miss the orc priest.
The orc priest is moderately wounded.
You block the orc priest's attack. The orc hits you but does no damage.
The frilled lizard bites you but does no damage.
The orc hits you with a +1 vorpal flail!
The orc priest mumbles some strange prayers to Beogh against you.
Beogh smites you!
* * * LOW HITPOINT WARNING * * *
You focus on the pain.
You feel very mighty all of a sudden.
The orc priest invokes the aid of Beogh against you.
Beogh smites you!
You die...

....# o. ....# ... .##.# #.#
.##.# #.# ..#.# #.#########
....# #.#.......#
....#####.......#.# #####
............###.#)####...#
....#####....o..@........#######
...## #....##l#.####.........#
...# #†.o.##.#.# ##.....##.#
.### #...o.o...# ##.##.##.# ..#
#..#.##.### #.#..##.# ..#
#.#.....# #####.#.###.# ..#
#..#.#### ......#.###<# ..#####
#..#.# ............#
......###..#.# .....##.#####


You could see an orc priest, an orc and a frilled lizard.

Vanquished Creatures
  A water moccasin skeleton (D:2)
  A hound (D:3)
  Terence (D:2)
  A worm (D:2)
  6 endoplasms
  6 goblins
  4 hobgoblins
  3 quokkas
  5 ball pythons
  4 bats
  2 frilled lizards (D:1)
  3 kobolds
  A rat (D:2)
  A spectral kobold (D:1)
39 creatures vanquished.

Notes
Turn   | Place    | Note
-------+----------+-------------------------------------------
     0 | D:1      | McKennaii the Demonspawn Fighter began the quest for the
                  | Orb.
     0 | D:1      | Reached XP level 1. HP: 18/18 MP: 1/1
   232 | D:1      | Gained mutation: You sometimes gain a little power by
                  | taking damage. [demonic ancestry]
   232 | D:1      | Reached XP level 2. HP: 24/24 MP: 2/2
   396 | D:1      | Found a faded altar of an unknown god.
   817 | D:2      | Noticed Terence
  1208 | D:2      | Gained mutation: A weak demonic guardian rushes to your
                  | aid. [demonic ancestry]
  1208 | D:2      | Reached XP level 3. HP: 29/29 MP: 3/3
  1642 | D:2      | Reached XP level 4. HP: 24/36 MP: 4/4
  1851 | D:2      | Killed Terence
  2462 | D:3      | Reached XP level 5. HP: 40/42 MP: 5/5
  2584 | D:3      | Killed from afar by an orc priest

Illustrated notes

Levels and vault maps discovered:
D:1:      minmay_arrival_split_and_join, layout_basic,
          dreamdust_ecumenical_altar_drowned_temple
D:2:      layout_basic, chequers_garden, uniq_terence
D:3:      layout_loops_cross, mainiacjoe_overflow_brackets

Skill      XL: |  1  2 |
---------------+-------+-----
Polearms       | 2 |  2.8
Shields        | 3 |  3.5
Armour         | 3 |  3.4
Fighting       | |  3.9

Action                   |  1- 3 |  4- 6 || total
-------------------------+-------+-------++-------
Melee: Trident           |    93 |    63 ||   156
Armor: Scale mail        |    31 |     3 ||    34
       Chain mail        |       |    25 ||    25
Dodge: Dodged            |    26 |    24 ||    50
Block: Buckler           |    12 |    11 ||    23
